 Seeded DCSS version 0.29.1-15-g9cfb28693d (webtiles) character file.

Game seed: 12113030075061518348 (custom seed)

122 Gelion the Conjurer (level 4, 33/33 HPs)
             Began as a Demonspawn Conjurer on Mar 11, 2023.
             Quit the game on level 1 of the Dungeon.
             The game lasted 00:05:25 (2175 turns).

Gelion the Conjurer (Demonspawn Conjurer)           Turns: 2175, Time: 00:05:26

Health: 33/33      AC:  5    Str:  7    XL:     4   Next: 78%
Magic:  8/8        EV: 12    Int: 22    God:
Gold:   151        SH:  0    Dex: 11    Spells: 5/8 levels left

rFire   . . .      SeeInvis .   h - +0 short sword
rCold   . . .      Faith    .   (no shield)
rNeg    . . .      Spirit   .   a - +0 robe
rPois   .          Reflect  .   (no helmet)
rElec   .          Harm     .   (no cloak)
rCorr   .          Rampage  .   (no gloves)
Will    .....                   (no boots)
Stlth   ++........              (no amulet)
HPRegen 0.11/turn               (no ring)
MPRegen 0.11/turn               (no ring)

@: no status effects
A: thin metallic scales 2, demonic touch 1
a: no special abilities


You were on level 1 of the Dungeon.
You visited 1 branch of the dungeon, and saw 3 of its levels.

You collected 151 gold pieces.

Inventory:

Hand Weapons
 e - a +0 quarterstaff
 h - a +0 short sword (weapon)
 k - a +0 dagger of flaming
Missiles
 l - 6 datura-tipped darts
Armour
 a - a +0 robe (worn)
Scrolls
 d - 3 scrolls of teleportation {unknown}
 f - a scroll of magic mapping {unknown}
 m - a scroll of blinking {unknown}
 o - a scroll of enchant weapon {unknown}
 p - a scroll of acquirement
Potions
 b - a potion of magic
 c - 2 potions of flight {unknown}
 g - a potion of might {unknown}
 i - 2 potions of lignification {unknown}
 j - a potion of resistance {unknown}
 n - a potion of curing {unknown}


   Skills:
 + Level 1.7 Fighting
 + Level 1.4 Staves
 - Level 1.7 Dodging
 - Level 1.7 Stealth
 + Level 2.7 Spellcasting
 * Level 5.0 Conjurations


You had 5 spell levels left.
You knew the following spells:

 Your Spells              Type           Power      Damage    Failure   Level
a - Magic Dart            Conj           100%       1d8       1%          1
b - Searing Ray           Conj           50%        2d6       2%          2

Your spell library contained the following spells:

 Spells                   Type           Power      Damage    Failure   Level
 Dazzling Flash           Conj/Hex       28%        N/A       14%         3
 Frozen Ramparts          Ice            6%         1d1       36%         3
 Fulminant Prism          Conj/Hex       7%         3d7       41%         4
 Iskenderun's Mystic Bla  Conj/Tloc      14%        2d5       41%         4
 Ice Form                 Ice/Tmut       3%         N/A       77%         4
 Summon Ice Beast         Ice/Summ       3%         N/A       77%         4


Dungeon Overview and Level Annotations

Branches:
Dungeon (3/15)

Altars:


Innate Abilities, Weirdness & Mutations

You are mostly covered in thin metallic scales. (AC +3)
Your touch may inflict minor irresistible damage on your foes.


Message History

c - 2 fizzy pink potions (gained 1)
o - a scroll labelled RIUSCH MOALI You enter the shallow water.
Moving in this stuff is going to be slow.
You enter the shallow water.
Moving in this stuff is going to be slow.
You enter the shallow water.
Moving in this stuff is going to be slow.
You enter the shallow water.
Moving in this stuff is going to be slow.
Found a book of Rime.
A rat comes into view.
Casting: Searing Ray (safe; 2% risk of failure)
Confirm with . or Enter, or press ? or * to list all spells.
Aiming: Magic Dart (safe; 1% risk of failure)
Press: ? - help, Shift-Dir - straight line, f - rat
Aim: a rat (asleep, 100% to hit)
The magic dart hits the rat.
You kill the rat!
Found a scroll labelled JATAUX ISAPOPT and 10 gold pieces.
You pick up a book of Rime and begin reading...
You add the spells Frozen Ramparts, Ice Form and Summon Ice Beast to your library.
Found 19 gold pieces and a smoky puce potion.
p - a scroll labelled JATAUX ISAPOPT This is a scroll of acquirement!
You enter the shallow water.
Moving in this stuff is going to be slow.
You enter the shallow water.
Moving in this stuff is going to be slow.
You enter the shallow water.
Moving in this stuff is going to be slow.
You see here a +0 halberd.
There is a stone staircase leading up here.
You can't go down here!
You climb upwards.
There is a stone staircase leading down here.
There is a stone staircase leading up here.
You climb upwards.
There is a stone staircase leading down here.
Are you sure you want to abandon this character and quit the game? (Confirm with "yes".)

..........# #.## #.
........#.# #..## ##
#########.### ##..# #
#...# #####.### ###.#
##.......## #####
#.###.........###...#
#.##................###
#.##.........####...#..
#..)..@......# ##....(.
####........)###..###..
#.).......÷...#...#.
#.........####8.⌠..#
#.........#####..⌠.#
#.......)..#8#_#)..#
#.........#...#∩#8#.
#...>.....#.⌠..#####
##...(>...#..⌠.8#


There were no monsters in sight!

Vanquished Creatures
  4 gnolls (D:3)
  3 adders (D:2)
  A dart slug (D:2)
  4 ball pythons
  7 bats
  6 endoplasms
  4 giant cockroaches
  8 goblins
  4 hobgoblins
  4 quokkas
  4 frilled lizards
  3 kobolds
  A rat (D:3)
53 creatures vanquished.

Vanquished Creatures (others)
  A plant (D:3)
1 creature vanquished.

Grand Total: 54 creatures vanquished

Notes
Turn   | Place    | Note
-------+----------+-------------------------------------------
     0 | D:1      | Gelion the Demonspawn Conjurer began the quest for the Orb.
     0 | D:1      | Reached XP level 1. HP: 13/13 MP: 3/3
   344 | D:1      | Gained mutation: You are partially covered in thin metallic
                  | scales. (AC +2) [demonic ancestry]
   344 | D:1      | Reached XP level 2. HP: 12/20 MP: 0/5
   756 | D:1      | Reached skill level 1 in Fighting
   838 | D:1      | Gained mutation: You are mostly covered in thin metallic
                  | scales. (AC +3) [demonic ancestry]
   838 | D:1      | Reached XP level 3. HP: 26/26 MP: 1/6
   948 | D:1      | Found a faded altar of an unknown god.
  1215 | D:2      | Learned a level 2 spell: Searing Ray
  1292 | D:2      | Reached skill level 1 in Staves
  1575 | D:2      | Gained mutation: Your touch may inflict minor irresistible
                  | damage on your foes. [demonic ancestry]
  1575 | D:2      | Reached XP level 4. HP: 32/32 MP: 2/7
  1985 | D:3      | Reached skill level 5 in Conjurations
  2108 | D:3      | Identified a scroll of acquirement
  2175 | D:1      | Quit the game

Illustrated notes

Levels and vault maps discovered:
D:1:      amcnicky_arrival_flooded_fountain, layout_rooms,
          shapermc_ecumenical_altar_venn
D:2:      layout_basic, basic_altar
D:3:      layout_rooms, serial_bayou, serial_bayou_lake_a, serial_bayou_pond_b,
          serial_bayou_pond_e, serial_bayou_pond_c, serial_bayou_crossing,
          uniq_terence

Skill      XL: |  1  2  3  4 |
---------------+-------------+-----
Fighting       | 1 |  1.7
Staves         | 1 |  1.4
Conjurations   | 5 |  5.0
Dodging        | |  1.7
Stealth        | |  1.7
Spellcasting   | |  2.7

Action                   |  1- 3 |  4- 6 || total
-------------------------+-------+-------++-------
Melee: Dagger            |    15 |       ||    15
       Unarmed           |     4 |       ||     4
       Short sword       |     4 |     1 ||     5
 Cast: Magic Dart        |    82 |     8 ||    90
       Searing Ray       |       |     3 ||     3
Armor: Robe              |     2 |     2 ||     4
Dodge: Dodged            |    27 |     3 ||    30
